 Dungeon Crawl Stone Soup version 0.25.0-1-g7eea58d (webtiles) character file.

Game seed: 12353102538311169521

79 Buxparty the Poker (level 4, 0/28 HPs)
             Began as a Gargoyle Gladiator on June 28, 2020.
             Shot with an arrow by a centaur (10 damage)
             ... on level 5 of the Dungeon.
             The game lasted 00:02:43 (1168 turns).

Buxparty the Poker (Gargoyle Gladiator)             Turns: 1168, Time: 00:02:44

Health: 0/28       AC:  7    Str: 18    XL:     4   Next: 37%
Magic:  4/4        EV: 12    Int:  9    God:
Gold:   88         SH:  0    Dex: 11    Spells: 3/3 levels left

rFire    . . .     SeeInvis .   a - +0 trident
rCold    . . .     Gourm    .   (no shield)
rNeg     + . .     Faith    .   b - +0 leather armour
rPois    ∞         Spirit   .   c - +0 helmet
rElec    +         Reflect  .   (no cloak)
rCorr    .         Harm     .   (no gloves)
MR       .....                  (no boots)
Stlth    +.........             (no amulet)
HPRegen  0.09/turn              m - +4 ring of slaying
MPRegen  0.09/turn              (no ring)

@: flying
A: negative energy resistance 1, electricity resistance, unbreathing,
petrification resistance, rot immunity, AC +3
a: no special abilities


You were on level 5 of the Dungeon.
You were not hungry.

You visited 1 branch of the dungeon, and saw 5 of its levels.

You collected 88 gold pieces.

Inventory:

Hand Weapons
 a - a +0 trident (weapon)
Missiles
 d - 3 throwing nets (quivered)
Armour
 b - a +0 leather armour (worn)
 c - a +0 helmet (worn)
Jewellery
 m - a +4 ring of slaying (left hand)
Wands
 n - a wand of polymorph (12)
Scrolls
 e - 3 scrolls of amnesia {unknown}
 g - 2 scrolls of identify {unknown}
 i - 2 scrolls of blinking {unknown}
 j - a scroll of remove curse {unknown}
Potions
 k - a potion of degeneration {unknown}
Comestibles
 f - 4 rations
 l - 2 chunks of flesh


   Skills:
 + Level 3.1 Fighting
 * Level 3.8 Polearms
 - Level 1.7 Throwing
 + Level 2.9 Dodging


You had 3 spell levels left.
You didn't know any spells.
Your spell library was empty.

Dungeon Overview and Level Annotations

Branches:
Dungeon (5/15)
 Temple: D:4-7

Altars:
Hepliaklqana


Innate Abilities, Weirdness & Mutations

You are resistant to torment.
Your stone body is resilient. (AC +3)
You are immune to poison.
You resist negative energy. (rN+)
You are resistant to electric shocks. (rElec)
You can survive without breathing.
You are immune to petrification.
You are immune to rotting.


Message History

Found 17 arrows.
f - 3 rations (gained 1) Some of the chunks of flesh in your inventory have rotted away.
f - 4 rations (gained 1)
Found a hazy altar of Hepliaklqana.
A centaur comes into view.
The centaur shouts!
The centaur wields a +0 shortbow.
The centaur shoots an arrow.
The arrow hits you!
Things that are here:
an arrow; a lumpy green potion The centaur shoots an arrow.
The arrow hits you!
The centaur shoots an arrow.
The arrow closely misses you.
Found a stone staircase leading down.
You see here 2 arrows.
It was a potion of flight.
You feel very buoyant.
You fly up into the air.
The centaur shoots an arrow.
The arrow hits you!
You die...

### ### #.. .># #.#
#.# #.# #.#
#########.###.######
...........(c....c.#
#...#####.#...####.#
.....##.........##.#
#...###.#.#.....@..#
##.## #.#..........#
#.# # ####..._...#
#.# ..........# #+##
###.......# #..)##
####..### .....##
##.# ......## #.#
.......#


You could see a centaur.

Vanquished Creatures
  2 adders (D:4)
  An ooze (D:1)
  3 worms (D:2)
  4 leopard geckos
  A giant cockroach (D:2)
  9 hobgoblins
  A jackal (D:1)
  8 kobolds
  2 ball pythons (D:1)
  3 bats
  4 frilled lizards
  2 goblins
  A jackal zombie (D:5)
  5 rats
  A plant (D:2)
47 creatures vanquished.

Vanquished Creatures (others)
  A plant (D:2)
1 creature vanquished.

Grand Total: 48 creatures vanquished

Notes
Turn   | Place    | Note
-------+----------+-------------------------------------------
     0 | D:1      | Buxparty the Gargoyle Gladiator began the quest for the
                  | Orb.
     0 | D:1      | Reached XP level 1. HP: 12/12 MP: 1/1
    73 | D:1      | Reached XP level 2. HP: 7/18 MP: 2/2
   481 | D:1      | Reached XP level 3. HP: 22/22 MP: 3/3
  1021 | D:4      | Reached XP level 4. HP: 26/28 MP: 4/4
  1086 | D:5      | Entered Level 5 of the Dungeon
  1159 | D:5      | Found a hazy altar of Hepliaklqana.
  1162 | D:5      | Noticed a centaur
  1168 | D:5      | Shot with an arrow by a centaur

Illustrated notes

Levels and vault maps discovered:
D:1:      dpeg_arrival_pits, layout_loops_ring, glass_columns_a,
          corner_web_ring, minmay_statues_item, minmay_pentomino_w4
D:2:      layout_loops_ring, minitemple, serial_bayou_lake_a
D:3:      layout_basic, lemuel_another_geyser
D:4:      layout_loops_cross, serial_glass, glass_columns_a, glass_columns_c,
          minmay_strange_pillars, due_unseen_surprise, item_on_display_a,
          minmay_strange_pillars
D:5:      layout_loops_corners, minmay_temple_entry_antechambers, basic_altar,
          first_ration, grunt_dithmenos_shadows

Skill      XL: |  1  2  3 |
---------------+----------+-----
Polearms       | 3 |  3.8
Fighting       | 3 |  3.1
Throwing       | |  1.7
Dodging        | |  2.9

Action                   |  1- 3 |  4- 6 || total
-------------------------+-------+-------++-------
Melee: Trident           |   175 |     8 ||   183
  Use: Potion            |       |     1 ||     1
 Stab: Distracted        |     1 |       ||     1
  Eat: Chunk             |     1 |       ||     1
Armor: Leather armour    |    39 |     3 ||    42
Dodge: Dodged            |    65 |     3 ||    68
